 Dungeon Crawl Stone Soup version 0.18.1-48-g4cf74bf (webtiles) character file.

110 PossumBlood the Archer (level 4, -8/29 HPs)
             Began as a High Elf Hunter on Aug 13, 2016.
             Killed by divine providence
             ... invoked by an orc priest
              (15 damage)
             ... on level 3 of the Dungeon.
             The game lasted 00:04:19 (1655 turns).

PossumBlood the Archer (High Elf Hunter)            Turns: 1655, Time: 00:04:19

Health: -8/29      AC:  3    Str: 11    XL:     4   Next: 61%
Magic:  5/5        EV: 12    Int: 15    God:
Gold:   115        SH:  0    Dex: 19    Spells: 0 memorised, 3 levels left

rFire  . . .     SeeInvis .     b - +0 short sword
rCold  . . .     Gourm    .     c - +0 leather armour
rNeg   . . .     Faith    .     (no shield)
rPois  .         Spirit   .     (no helmet)
rElec  .         Dismiss  .     (no cloak)
rCorr  .         Reflect  .     (no gloves)
SustAt .         Harm     .     (no boots)
MR     .....                    (no amulet)
Stlth  ++........               m - ring of flight
                                l - +3 ring of dexterity

@: not resistant to hostile enchantments, unstealthy
A: no striking features
a: Evoke Flight


You were on level 3 of the Dungeon.
You were not hungry.

You visited 1 branch of the dungeon, and saw 3 of its levels.

You collected 115 gold pieces.

Inventory:

Hand Weapons
 a - a +1 shortbow
 b - a +0 short sword (weapon)
Missiles
 d - 38 arrows
Armour
 c - a +0 leather armour (worn)
Jewellery
 l - a +3 ring of dexterity (left hand)
 m - a ring of flight (right hand)
Scrolls
 e - 2 scrolls of teleportation {unknown}
 g - 3 scrolls of identify {unknown}
 n - a scroll of magic mapping {unknown}
 q - a scroll of enchant armour {unknown}
Potions
 h - a potion of agility {unknown}
 j - a potion of magic {unknown}
 k - a potion of might {unknown}
 p - a potion of curing {unknown}
Comestibles
 f - a bread ration
 i - 2 meat rations
 o - a beef jerky


   Skills:
 - Level 2.0 Fighting
 * Level 8.0 Bows
 - Level 2.1 Dodging
 - Level 1.1 Stealth


You had 3 spell levels left.
You didn't know any spells.

Dungeon Overview and Level Annotations

Branches:
Dungeon (3/15)

Altars:
Elyvilon
Qazlal


Message History

Really attack while wielding your +1 shortbow?
Okay, then.
Wield which item (- for none, * to show all)? (? for menu, Esc to quit)
b - a +0 short sword (weapon)
You hear some strange, mumbled words.
A puff of flame appears from out of thin air!
The puff of flame misses you.
You hit the orc.
You kill the orc!
Something hits you but does no damage.
You hear some strange, mumbled words.
A puff of frost appears from out of thin air!
The puff of frost hits you!
* * * LOW HITPOINT WARNING * * *
The orc priest hits you but does no damage.
You closely miss the orc priest. Something hits you but does no damage.
The orc priest calls down the wrath of Beogh upon you.
Beogh smites you!
Ouch! That really hurt!
You die...

#### #... #.#.
###########.##
............##
########.###.##
####......†.# #.##
#...........###.##
#@##.######.....##
#o##.# ###.#.#.
...((((o# #<.....
##.###### #....#.
#. #...##. #
##.###. #.# .. #.#
.. #.....


You could see an orc priest.

Vanquished Creatures
  5 adders (D:2)
  2 worms (D:2)
  2 giant geckos
  2 orcs (D:3)
  9 bats
  3 giant cockroaches
  5 goblins
  7 hobgoblins
  4 jackals (D:2)
  2 quokkas (D:2)
  4 giant newts
  5 kobolds
  4 rats
54 creatures vanquished.

Notes
Turn   | Place    | Note
--------------------------------------------------------------
     0 | D:1      | PossumBlood the High Elf Hunter began the quest for the Orb.
     0 | D:1      | Reached XP level 1. HP: 14/14 MP: 2/2
    72 | D:1      | Reached XP level 2. HP: 13/19 MP: 3/3
   172 | D:1      | Reached skill level 6 in Bows
   614 | D:2      | Found a stormy altar of Qazlal.
   618 | D:2      | Reached XP level 3. HP: 24/24 MP: 4/4
  1031 | D:2      | Reached skill level 7 in Bows
  1144 | D:2      | Reached XP level 4. HP: 26/29 MP: 5/5
  1504 | D:2      | Found a white marble altar of Elyvilon.
  1626 | D:3      | Reached skill level 8 in Bows
  1655 | D:3      | Killed from afar by an orc priest

Skill      XL: |  1  2  3  4 |
---------------+-------------+-----
Bows           | 6 7 8 |  8.0
Fighting       | |  2.0
Dodging        | |  2.1
Stealth        | |  1.1

Action                   |  1- 3 |  4- 6 || total
-------------------------+-------+-------++-------
Melee: Short sword       |       |     2 ||     2
 Fire: Shortbow          |   102 |    59 ||   161
  Eat: Bread ration      |     1 |       ||     1
Armor: Leather armour    |    13 |     3 ||    16
Dodge: Dodged            |    24 |    11 ||    35
